 Dungeon Crawl Stone Soup version 0.31-a0-1010-g5322dac6a2 (webtiles) character file.

Game seed: 8504895587546345894

58544 Dirtsage the Geomancer (level 14, -2/92 HPs)
             Began as a Gargoyle Earth Elementalist on Nov 16, 2023.
             Was a High Priest of Vehumet.
             Slain by a pharaoh ant (20 damage)
             ... on level 1 of the Spider Nest on Nov 17, 2023.
             The game lasted 01:37:48 (22722 turns).

Dirtsage the Geomancer (GrEE)                      Turns: 22722, Time: 01:37:49

Health: -2/92      AC: 17    Str: 14    XL:     14   Next: 91%
Magic:  19/37      EV: 11    Int: 24    God:    Vehumet [*****.]
Gold:   1063       SH:  0    Dex: 10    Spells: 3/33 levels left

rFire   + . .        c - staff of Context {rN++ rCorr SInv Hexes Earth}
rCold   . . .        (no shield)
rNeg    + + +        H - +0 troll leather armour
rPois   ∞            K - +1 helmet
rElec   +            (no cloak)
rCorr   +            (no gloves)
SInv    +            z - +1 pair of boots
Will    +....        (no amulet)
Stlth   ++           O - ring "Addy Zif" {rF+ rN++ Int+5}
HPRegen 1.15/turn    n - ring of magical power
MPRegen 0.25/turn

%: no passive effects
@: radiating poison, flying, studying Long Blades
A: sickness immunity, AC +10, big wings, negative energy resistance 1,
electricity resistance, torment resistance 1, petrification resistance
a: Renounce Religion


You were on level 1 of the Spider Nest.
You worshipped Vehumet.
Vehumet was extremely pleased with you.
You visited 5 branches of the dungeon, and saw 21 of its levels.

You collected 2402 gold pieces.
You spent 1339 gold pieces at shops.

Inventory:

Armour
 z - a +1 pair of boots (worn)
 G - a +0 ring mail
 H - a +0 troll leather armour (worn)
 K - a +1 helmet (worn)
Magical Staves
 c - the staff of Context (weapon) {rN++ rCorr SInv Hexes Earth}
   (You acquired it on level 3 of the Dungeon)

   [staff of earth]

   Base accuracy: +5 Base damage: 5 Base attack delay: 1.2 This weapon's minimum
   attack delay (0.6) is reached at skill level 12.
   rN++:      It greatly protects you from negative energy.
   SInv:      It lets you see invisible.
   rCorr:     It protects you from acid and corrosion.
   Hexes:     It increases the power of your Hexes spells.
   Earth:     It increases the power of your Earth spells.
   It falls into the 'Staves' category.
   It is a one-handed weapon.
 D - a staff of earth
 L - a staff of fire
Jewellery
 k - a +6 ring of intelligence
 n - a ring of magical power (right hand)
 w - a ring of flight
 E - the ring "Elubla" {+Blink Str+6 SInv}
   (You found it on level 9 of the Dungeon)

   [ring of strength]

   Str+6:     It affects your strength (+6).
   SInv:      It lets you see invisible.
   +Blink:    It lets you blink.
 O - the ring "Addy Zif" (left hand) {rF+ rN++ Int+5}
   (You bought it in a shop on level 2 of the Orcish Mines)

   [ring of protection from fire]

   Int+5:     It affects your intelligence (+5).
   rF+:       It protects you from fire.
   rN++:      It greatly protects you from negative energy.
 W - a ring of wizardry
Wands
 a - a wand of charming (4)
 r - a wand of flame (53)
 s - a wand of polymorph (8)
 A - a wand of mindburst (7)
 F - a wand of iceblast (5)
 J - a wand of acid (12)
Scrolls
 d - 5 scrolls of vulnerability
 e - 5 scrolls of enchant armour
 f - 2 scrolls of revelation
 g - 3 scrolls of fear
 m - 3 scrolls of butterflies
 o - 2 scrolls of fog
 t - a scroll of teleportation
 v - 4 scrolls of immolation
 x - a scroll of acquirement
 y - a scroll of enchant weapon
 B - 3 scrolls of blinking
 C - a scroll of poison
 N - a scroll of torment
Potions
 b - 6 potions of magic
 h - 4 potions of haste
 i - a potion of ambrosia {unknown}
 j - a potion of cancellation
 l - a potion of heal wounds
 p - 3 potions of enlightenment
 q - 8 potions of curing
 u - 3 potions of attraction
 I - a potion of invisibility
 M - a potion of berserk rage {unknown}
 P - a potion of brilliance


   Skills:
 + Level 12.3 Fighting
 - Level 4.7 Staves
 - Level 1.5 Dodging
 - Level 2.1 Stealth
 + Level 10.1 Spellcasting
 - Level 12.0 Conjurations
 - Level 8.7 Hexes
 + Level 1.9 Transmutations
 + Level 2.0 Ice Magic
 + Level 13.7 Earth Magic
 - Level 8.6 Poison Magic


You had 3 spell levels left.
You knew the following spells:

 Your Spells              Type           Power      Damage    Failure   Level
a - Sandblast             Erth           100%       2d20      0%          1
b - Dazzling Flash        Conj/Hex       100%       N/A       1%          3
c - Petrify               Tmut/Erth      66%        N/A       2%          4
d - Brom's Barrelling Bo  Conj/Erth      84%        2d10      1%          4
e - Fulminant Prism       Conj/Hex       37%        3d17      1%          4
f - Olgreb's Toxic Radia  Pois           52%        N/A       1%          4
w - Passwall              Tmut/Erth      55%        N/A       1%          2
x - Stone Arrow           Conj/Erth      100%       3d13      1%          3
z - Lee's Rapid Deconstr  Erth           43%        3d21*     1%          5

Your spell library contained the following spells:

 Spells                   Type           Power      Damage    Failure   Level
 Bombard                  Conj/Erth      42%        9d7       1%          6
 Jinxbite                 Hex            100%       N/A       1%          2
 Momentum Strike          Conj/Tloc      82%        3d10      1%          2
 Apportation              Tloc           24%        N/A       7%          1
 Blink                    Tloc           24%        N/A       10%         2
 Iskenderun's Mystic Bla  Conj/Tloc      41%        2d9       1%          4
 Dimensional Bullseye     Hex/Tloc       24%        N/A       11%         4
 Alistair's Intoxication  Tmut/Pois      24%        N/A       21%         5
 Silence                  Hex/Air        24%        N/A       30%         5
 Dispel Undead            Necr           12%        3d9       54%         4
 Manifold Assault         Tloc           12%        N/A       54%         4
 Agony                    Necr           12%        N/A       88%         5
 Death Channel            Necr           6%         N/A       100%        6
 Discord                  Hex            34%        N/A       100%        8
 Ignition                 Fire           6%         3d4       100%        8
 Cigotuvi's Dreadful Rot  Necr/Pois/Air  Unusable   N/A       N/A         2

Dungeon Overview and Level Annotations

Branches:
Dungeon (13/15)            Temple (1/1) D:5            Lair (4/5) D:8
  Swamp (0/4) Lair:3       Spider (1/4) Lair:2          Orc (2/2) D:9
    Elf (0/3) Orc:2
  Slime: Lair:4-5    Vaults: D:13-14

Altars:
Ashenzari
Cheibriados
Dithmenos
Elyvilon
Fedhas
Gozag
Hepliaklqana
Kikubaaqudgha
Makhleb
Nemelex Xobeh
Okawaru
Qazlal
Ru
Sif Muna
Trog
Uskayaw
Vehumet
Wu Jian
Xom
Yredelemnul
Zin
The Shining One

Shops:
D:9 :   Orc:2 =!((

Annotations:
D:5 4 runed translucent doors
Lair:4 Rupert


Innate Abilities, Weirdness & Mutations

You are immune to sickness and miasma.
Your stone body is resilient. (AC +10)
You are immune to poison.
Your large and strong wings let you fly.
You resist negative energy. (rN+)
You are resistant to electric shocks. (rElec)
You are resistant to unholy torment.
You are immune to petrification.


Message History

You kill the redback!
Vehumet accepts your kill.
You feel your power returning.
You kill the jumping spider!
Vehumet accepts your kill.
Vehumet offers you knowledge of Bombard.
You feel your power returning. The pharaoh ant barely misses you.
You regained 4 mp, and now have 27/37 mp.
Casting: Olgreb's Toxic Radiance (mildly dangerous; 1% risk of failure)
Confirm with . or Enter, or press ? or * to list all spells.
Your toxic radiance grows in intensity.
The wolf spider looks as sick as possible!
The pharaoh ant bites you but does no damage.
The wolf spider hits you but does no damage.
The wolf spider bites you.
You take 3 damage, and have 63/92 hp.
You now have 23/37 mp.
Casting: Olgreb's Toxic Radiance (mildly dangerous; 1% risk of failure)
Confirm with . or Enter, or press ? or * to list all spells.
Your toxic radiance grows in intensity.
The wolf spider looks as sick as possible!
The orb spider looks even sicker.
You kill the orb spider!
Vehumet accepts your kill.
You kill the wolf spider!
Vehumet accepts your kill.
You feel your power returning. The pharaoh ant bites you!!
The pharaoh ant bites you.
Your Ice Magic skill increases to level 2!
You take 30 damage, and have 33/92 hp.
MASSIVE DAMAGE!!
You now have 21/37 mp.
Things that are here:
a tarantella corpse; a redback corpse
Aiming: Stone Arrow (safe; 1% risk of failure)
Press: ? - help, Q - select action, (/) - cycle Shift-Dir - straight line, f - pharaoh ant
Aim: a pharaoh ant (84% to hit)
You feel a surge of power!
The stone arrow hits the pharaoh ant!!
The pharaoh ant is severely damaged.
The pharaoh ant bites you!
* * * LOW HITPOINT WARNING * * *
The pharaoh ant bites you!!
You die...

........... ..........# #
........†.# ..
..........# ### ...
.......... ##.## ####...
.........###...####......
#......†##......##.....#
#....B@...##........#
####....##...##.....#
#^.†......###....#
##........# #....#
#..#.....## ##...##
....##....# #....#
.....###....# ##...##
..... #....# #..... .....
.#...# #.....


You could see a pharaoh ant.

Vanquished Creatures
  Mlioglotl (Spider:1)
  An orc warlord (Orc:2)
  An ettin (Orc:2)
  2 hydras (Lair:2)
  2 boulder beetles (Spider:1)
  A centaur warrior (D:13)
  5 two-headed ogres
  2 orc high priests (Orc:2)
  2 soul eaters (D:10)
  A skyshark (Lair:3)
  4 skeletal warriors (D:11)
  2 orb spiders (Spider:1)
  A swamp dragon (Lair:3)
  An ugly thing (D:13)
  9 orc knights (Orc:2)
  A deep elf pyromancer (D:12)
  A wolf spider (Spider:1)
  4 orc sorcerers
  7 cyclopes
  3 manticores (D:12)
  A black mamba (Lair:2)
  A smoke demon (D:10)
  2 orange demons (D:10)
  A cane toad (Lair:3)
  3 unseen horrors
  3 ice devils (D:10)
  4 rime drakes
  8 komodo dragons
  A red devil (D:10)
  8 trolls
  A hellwing (D:10)
  A meliai (Lair:2)
  A polar bear (Lair:1)
  A hornet (D:7)
  A polar bear (shapeshifter) (D:13)
  3 tarantellas (Spider:1)
  11 blink frogs
  13 saltlings (Orc:2)
  2 jumping spiders (Spider:1)
  3 shadows (D:9)
  2 culicivoras (Spider:1)
  46 yaks
  4 wraiths
  3 wyverns
  2 basilisks (Lair:2)
  3 redbacks (Spider:1)
  A steam dragon (D:8)
  A neqoxec (D:10)
  4 wargs
  8 water moccasins
  22 orc warriors
  2 sky beasts
  5 black bears
  2 ice beasts
  8 ogres
  A centaur (D:7)
  5 wolves (Lair:2)
  3 phantoms
  5 kobold brigands
  2 gnoll sergeants (D:12)
  10 bullfrogs
  A scorpion (D:4)
  13 killer bees
  A troll zombie (D:9)
  2 howler monkeys (D:11)
  An electric eel (D:10)
  6 hounds
  4 jellies
  3 quasits (D:10)
  16 orc priests
  A gnoll bouda (D:5)
  A sleepcap (D:6)
  6 iguanas
  17 orc wizards
  Ijyb (D:4)
  5 ogre zombies (D:9)
  9 gnolls
  9 adders
  2 shadow imps
  2 white imps
  2 ufetubi (D:7)
  3 dart slugs
  61 orcs
  13 ball pythons
  6 endoplasms
  2 giant cockroaches
  4 goblins
  9 hobgoblins
  2 jackals (D:4)
  27 kobolds
  3 quokkas
  3 bats
  4 frilled lizards
  A gnoll skeleton (D:9)
  A gnoll zombie (D:9)
  An orc skeleton (D:9)
  16 orc zombies (D:9)
  3 rats
  11 fulminant prisms
531 creatures vanquished.

Vanquished Creatures (others)
  A culicivora (Spider:1)
  A kobold (D:8)
  41 fulminant prisms
43 creatures vanquished.

Grand Total: 574 creatures vanquished

Notes
Turn   | Place    | Note
-------+----------+-------------------------------------------
     0 | D:1      | Dirtsage the Gargoyle Earth Elementalist began the quest
                  | for the Orb.
     0 | D:1      | Reached XP level 1. HP: 10/10 MP: 3/3
   163 | D:1      | Reached XP level 2. HP: 16/16 MP: 5/5
   212 | D:1      | Reached skill level 4 in Earth Magic
   375 | D:1      | Reached skill level 1 in Fighting
   785 | D:1      | Reached XP level 3. HP: 20/20 MP: 4/6
   789 | D:1      | Learned a level 3 spell: Stone Arrow
  1198 | D:2      | Reached skill level 1 in Conjurations
  1348 | D:2      | Reached XP level 4. HP: 25/25 MP: 5/7
  1442 | D:2      | Identified the +0 hand axe of Beogh's Righteous Fury
                  | {protect, Will+ rCorr}
  2083 | D:3      | Identified a scroll of acquirement
  2084 | D:3      | Acquired the staff of Context {rN++ rCorr SInv Hexes Earth}
  2293 | D:3      | Found a blossoming altar of Fedhas.
  2332 | D:3      | Found a burning altar of Makhleb.
  2774 | D:4      | Noticed a scorpion
  2779 | D:4      | Killed a scorpion
  2780 | D:4      | Reached skill level 5 in Earth Magic
  2780 | D:4      | Reached XP level 5. HP: 30/30 MP: 8/8
  2820 | D:4      | You fall into a shaft and drop 1 floor!
  2820 | D:5      | Entered Level 5 of the Dungeon
  2820 | D:5      | Found a staircase to the Ecumenical Temple.
  2827 | Temple   | Entered the Ecumenical Temple
  2857 | D:5      | Noticed a black bear
  2862 | D:5      | Killed a black bear
  2863 | D:5      | Reached XP level 6. HP: 35/35 MP: 10/10
  3111 | D:4      | Identified the "Evuasoac" (You acquired it on level 4 of
                  | the Dungeon)
  3136 | D:4      | Reached skill level 1 in Staves
  3232 | D:4      | Reached skill level 6 in Earth Magic
  3314 | D:4      | Reached XP level 7. HP: 40/40 MP: 11/11
  3498 | D:4      | Noticed Ijyb
  3500 | D:4      | Killed Ijyb
  3667 | D:5      | Found a large runed translucent door.
  3668 | D:5      | Found a large runed translucent door.
  3672 | D:5      | Noticed a two-headed ogre
  3998 | D:5      | Reached skill level 5 in Conjurations
  3998 | D:5      | Reached skill level 7 in Earth Magic
  3998 | D:5      | Reached XP level 8. HP: 43/46 MP: 13/13
  4117 | D:5      | Found an ornate altar of the Wu Jian Council.
  4133 | D:5      | Found a large runed translucent door.
  4133 | D:5      | Found a large runed translucent door.
  4991 | D:6      | Reached skill level 8 in Earth Magic
  5149 | D:6      | Reached XP level 9. HP: 52/52 MP: 15/15
  5682 | D:7      | Learned a level 2 spell: Passwall
  5700 | D:7      | Acquired 814 gold pieces
  5956 | D:7      | Reached skill level 5 in Fighting
  6161 | D:7      | Noticed a hornet
  6165 | D:7      | Killed a hornet
  6166 | D:7      | Reached skill level 9 in Earth Magic
  6970 | D:8      | Learned a level 4 spell: Petrify
  7085 | D:8      | Reached skill level 5 in Spellcasting
  7088 | D:8      | Reached XP level 10. HP: 41/60 MP: 15/17
  7191 | D:7      | Learned a level 3 spell: Dazzling Flash
  7250 | D:8      | Reached skill level 10 in Earth Magic
  7265 | D:8      | Reached skill level 1 in Hexes
  7518 | D:8      | Found a hazy altar of Hepliaklqana.
  7545 | D:8      | Found a radiant altar of Vehumet.
  7585 | D:8      | Became a worshipper of Vehumet
  7826 | D:8      | Reached skill level 11 in Earth Magic
  8179 | D:8      | Found a staircase to the Lair.
  8185 | D:8      | Learned a level 4 spell: Brom's Barrelling Boulder
  8324 | D:9      | Noticed a two-headed ogre
  8331 | D:9      | Killed a two-headed ogre
  8616 | D:9      | Reached XP level 11. HP: 64/67 MP: 13/21
  8794 | D:9      | Reached * piety under Vehumet
  8794 | D:9      | Offered knowledge of Foxfire by Vehumet.
  8910 | D:9      | Identified the ring "Elubla" {+Blink Str+6 SInv}
  8910 | D:9      | Noticed a two-headed ogre
  8920 | D:9      | Killed a two-headed ogre
  9065 | D:9      | Found a staircase to the Orcish Mines.
  9315 | D:9      | Found Ifuk's Self-Published Books.
  9323 | D:9      | Bought Ashenzari's Papyrus of Beguiling for 484 gold pieces
  9328 | D:9      | Learned a level 4 spell: Fulminant Prism
  9658 | D:10     | Entered Level 10 of the Dungeon
  9681 | D:10     | Offered knowledge of Magic Dart by Vehumet.
  9684 | D:10     | Reached ** piety under Vehumet
  9985 | D:10     | Noticed a soul eater
 10386 | D:10     | Killed a soul eater
 10387 | D:10     | Reached skill level 5 in Hexes
 10614 | D:10     | Noticed a soul eater
 10624 | D:10     | Killed a soul eater
 10694 | D:10     | Reached XP level 12. HP: 36/76 MP: 6/24
 11019 | D:10     | Offered knowledge of Searing Ray by Vehumet.
 11020 | D:10     | Reached skill level 12 in Earth Magic
 11700 | D:10     | Found a transporter.
 11873 | Lair:1   | Entered Level 1 of the Lair of Beasts
 12054 | Lair:1   | Reached *** piety under Vehumet
 12476 | Lair:1   | You fall into a shaft and drop 1 floor!
 12517 | Lair:2   | Noticed an eight-headed hydra
 12539 | Lair:2   | Killed an eight-headed hydra
 12549 | Lair:2   | Reached skill level 10 in Conjurations
 12693 | Lair:2   | Reached skill level 10 in Fighting
 12744 | Lair:2   | Found a hole to the Spider Nest.
 12779 | Lair:2   | Learned a level 4 spell: Olgreb's Toxic Radiance
 12922 | Lair:2   | Noticed a five-headed hydra
 12933 | Lair:2   | Killed a five-headed hydra
 12934 | Lair:2   | Reached skill level 1 in Poison Magic
 13125 | Lair:2   | Offered knowledge of Volatile Blastmotes by Vehumet.
 13207 | Lair:2   | Reached skill level 13 in Earth Magic
 13862 | Lair:3   | Reached XP level 13. HP: 83/83 MP: 23/25
 13920 | Lair:3   | Found a staircase to the Swamp.
 14280 | Lair:3   | Reached **** piety under Vehumet
 15107 | Lair:4   | Noticed Rupert
 15107 | Lair:4   | Paralysed by Rupert for 4 turns
 15662 | D:11     | Offered knowledge of Lee's Rapid Deconstruction by Vehumet.
 16001 | D:11     | Reached skill level 5 in Poison Magic
 18040 | D:13     | HP: 2/84 [red ugly thing (20)]
 18388 | D:13     | Noticed a yaktaur captain
 18557 | Orc:1    | Entered Level 1 of the Orcish Mines
 18909 | Orc:2    | Entered Level 2 of the Orcish Mines
 18916 | Orc:2    | Gained mutation: Your large and strong wings let you fly.
                  | [Gargoyle growth]
 18916 | Orc:2    | Reached XP level 14. HP: 87/90 MP: 22/27
 19009 | Orc:2    | Learned a level 5 spell: Lee's Rapid Deconstruction
 19053 | Orc:2    | Found a staircase to the Elven Halls.
 19272 | Orc:2    | Reached ***** piety under Vehumet
 19846 | Orc:2    | Offered knowledge of Arcjolt by Vehumet.
 21697 | Orc:2    | Noticed an orc warlord
 21777 | Orc:2    | Found Akkiqar's Antique Weapon Shoppe.
 21779 | Orc:2    | Found Sacij's Distillery.
 21825 | Orc:2    | Bought a potion of heal wounds for 65 gold pieces
 21825 | Orc:2    | Bought a potion of brilliance for 52 gold pieces
 21825 | Orc:2    | Bought 2 potions of magic for 208 gold pieces
 21839 | Orc:2    | Found Piabriw's Antique Weapon Shoppe.
 21970 | Orc:2    | Found Ycabb's Jewellery Shop.
 21976 | Orc:2    | Bought the ring "Addy Zif" {rF+ rN++ Int+5} for 530 gold
                  | pieces
 22028 | Orc:2    | Killed an orc warlord
 22327 | Spider:1 | Entered Level 1 of the Spider Nest
 22343 | Spider:1 | Reached skill level 1 in Transmutations
 22496 | Spider:1 | Noticed Mlioglotl
 22503 | Spider:1 | Killed Mlioglotl
 22504 | Spider:1 | Reached skill level 1 in Ice Magic
 22543 | Spider:1 | Reached skill level 10 in Spellcasting
 22718 | Spider:1 | Offered knowledge of Bombard by Vehumet.
 22722 | Spider:1 | Slain by a pharaoh ant

Illustrated notes

Levels and vault maps discovered:
D:1:      sevenhm_arrival_forest_fort_small_4, layout_basic
D:2:      layout_loops_ring, minmay_misc_feat_chi, minivault_27
D:3:      layout_loops_corners, grunt_temple_overflow_open
D:4:      layout_basic, uniq_ijyb
D:5:      layout_gridville, nicolae_wu_jian_wuxing_cycle,
          minmay_temple_entry_drinking_statues, minmay_strange_pillars,
          minmay_hollow_rounded_squares
D:6:      layout_basic
D:7:      layout_loops_corners, serial_glass, glass_columns_c, glass_columns_a,
          due_unseen_surprise, feat_on_display, feat_on_display,
          item_on_display_a, chequers_serial_rivers_large_a
D:8:      layout_basic, mainiacjoe_overflow_catwalk_spiral, lair_entry_dummy
D:9:      layout_cross, zombieorc1_lemuel, nicolae_custom_books
D:10:     layout_stronghold, serial_demonic, serial_demonic_f, serial_demonic_c,
          serial_demonic_f, serial_demonic_c, serial_demonic_b,
          serial_demonic_d, serial_demonic_e, serial_demonic_f,
          serial_demonic_e, serial_demonic_f, nicolae_diode_basic
D:11:     layout_long_grid
D:12:     layout_roguey
D:13:     layout_roguey, david_vaults_2
Temple:   sentei_temple_godly_chess
Lair:1:   layout_cave_shapes, minivault_19
Lair:2:   layout_loops_ring, hellmonk_spider_entry_not_the_bees,
          serial_bayou_pond_b, infiniplex_staircase_pool_2
Lair:3:   layout_loops_ring, minmay_swamp_entry_reptiles
Lair:4:   layout_loops_ring, guppyfry_lair_drakes, grunt_megastairs_3,
          uniq_rupert
Spider:1: layout_chambers, nicolae_spider_acid_house, uniq_aizul, uniq_mlioglotl
Orc:1:    layout_caves
Orc:2:    hellmonk_orc_salted, layout_diamond_mine, basic_altar

Skill      XL: |  1  2  3  4  5  6  7  8  9 10 11 12 13 14 |
---------------+-------------------------------------------+-----
Earth Magic    | 4 5 6 7 8 9 11 13 | 13.7
Fighting       | 1 2 3 4 5 7 9 10 11 12 | 12.3
Conjurations   | 1 2 3 5 6 8 9 10 11 12 | 12.0
Staves         | 1 2 3 4 |  4.7
Spellcasting   | 3 4 5 6 8 9 10 | 10.1
Hexes          | 3 5 7 8 |  8.7
Poison Magic   | 3 7 8 |  8.6
Transmutations | 1 |  1.9
Ice Magic      | 2 |  2.0
Dodging        | |  1.5
Stealth        | |  2.1

Action                     |  1- 3 |  4- 6 |  7- 9 | 10-12 | 13-15 || total
---------------------------+-------+-------+-------+-------+-------++-------
  Melee: Unarmed           |    64 |     3 |       |       |       ||    67
         Staff             |       |    41 |    55 |     9 |     4 ||   109
  Throw: Dart              |       |       |       |       |     1 ||     1
   Cast: Sandblast         |    33 |    39 |   109 |   181 |    24 ||   386
         Stone Arrow       |       |     2 |    31 |   167 |   320 ||   520
         Petrify           |       |       |     2 |    10 |    10 ||    22
         Passwall          |       |       |     2 |       |       ||     2
         Brom's Barrelling |       |       |       |     2 |       ||     2
         Fulminant Prism   |       |       |       |    27 |    25 ||    52
         Dazzling Flash    |       |       |       |     1 |       ||     1
         Olgreb's Toxic Ra |       |       |       |     8 |    40 ||    48
         Lee's Rapid Decon |       |       |       |       |    35 ||    35
  Evoke: Wand              |       |       |       |     3 |       ||     3
    Use: Scroll            |       |     8 |     2 |    10 |    10 ||    30
         Potion            |       |       |       |     1 |     3 ||     4
   Stab: Sleeping          |     1 |       |     1 |       |       ||     2
         Petrified         |       |       |       |     1 |       ||     1
 Armour: Robe              |    17 |       |       |       |       ||    17
         Ring mail         |    24 |    33 |    70 |   204 |    49 ||   380
         Troll leather arm |       |       |       |       |   151 ||   151
  Dodge: Dodged            |    42 |    20 |    52 |    99 |    90 ||   303

Table legend: (Time is in decaauts)
 A = Elapsed time spent in this place.
 B = Non-inter-level travel time spent in this place.
 C = Inter-level travel time spent in this place.
 D = Time resting spent in this place.
 E = Time spent auto-exploring this place.
 F = Levels seen in this place.
 G = Mean time per level.
                   A        B        C        D        E       F      G
               +--------+--------+--------+--------+--------+-----+--------+
         Total |  22933 |  21837 |   1096 |   1849 |  16685 |  21 | 1092.0 |
       Dungeon |  15214 |  14426 |    788 |    934 |  11499 |  13 | 1170.3 |
        Temple |      9 |      9 |      0 |      0 |      0 |   1 |    9.0 |
          Lair |   3630 |   3445 |    185 |    464 |   2472 |   4 |  907.5 |
   Spider Nest |    391 |    391 |      0 |     23 |    290 |   1 |  391.0 |
  Orcish Mines |   3687 |   3565 |    122 |    428 |   2424 |   2 | 1843.5 |
               +--------+--------+--------+--------+--------+-----+--------+

Top non-repeatable levels by time:
   Orc:2: 2824 daAuts
    D:10: 2445 daAuts
  Lair:2: 1550 daAuts
     D:9: 1437 daAuts
     D:7: 1412 daAuts
     D:8: 1379 daAuts
    D:12: 1228 daAuts
    D:11: 1198 daAuts
     D:6: 1093 daAuts
  Lair:3: 1057 daAuts
     D:5: 1051 daAuts
     D:1: 954 daAuts
     D:3: 913 daAuts
     D:2: 871 daAuts
   Orc:1: 863 daAuts
